 Dungeon Crawl Stone Soup version 0.23.2-33-g5129a83184 (webtiles) character file.

Game seed: 18092621695933937215

11251 Folque the Destroyer (level 11, -5/79 HPs)
             Began as a Demigod Conjurer on July 16, 2019.
             Killed from afar by Azrael (21 damage)
             ... with a fireball
             ... on level 12 of the Dungeon.
             The game lasted 00:37:52 (12969 turns).

Folque the Destroyer (Demigod Conjurer)            Turns: 12969, Time: 00:37:53

Health: -5/79      AC: 11    Str: 13    XL:     11   Next: 23%
Magic:  9/21       EV: 13    Int: 26    God:
Gold:   517        SH:  0    Dex: 16    Spells: 4/18 levels left

rFire    . . .     SeeInvis +   B - +0 quarterstaff
rCold    . . .     Gourm    .   (shield currently unavailable)
rNeg     . . .     Faith    .   p - +0 ring mail
rPois    .         Spirit   .   f - +0 helmet
rElec    .         Reflect  .   (no cloak)
rCorr    .         Harm     .   q - +0 pair of gloves
MR       +....                  N - +1 pair of boots
Stlth    +.........             R - amulet of the acrobat
HPRegen  0.23/turn              j - +3 ring of intelligence
MPRegen  0.17/turn              r - ring of see invisible

@: very slightly contaminated
A: high mp 1
a: no special abilities


You were on level 12 of the Dungeon.
You were near starving.

You visited 3 branches of the dungeon, and saw 14 of its levels.

You collected 755 gold pieces.
You spent 238 gold pieces at shops.

Inventory:

Hand Weapons
 b - a +0 mace
 t - a +0 dagger
 B - a +0 quarterstaff (weapon)
 E - a +0 giant spiked club
 H - a +0 rapier
Armour
 a - a +0 robe
 f - a +0 helmet (worn)
 p - a +0 ring mail (worn)
 q - a +0 pair of gloves (worn)
 N - a +1 pair of boots (worn)
Jewellery
 j - a +3 ring of intelligence (left hand)
 r - a ring of see invisible (right hand)
 u - an uncursed ring of stealth
 G - an uncursed ring of stealth
 R - an amulet of the acrobat (around neck)
Wands
 d - a wand of iceblast (7)
 k - a wand of polymorph (12)
 A - a wand of clouds (2)
 L - a wand of acid (2)
 T - a wand of disintegration (7)
Scrolls
 e - 10 scrolls of identify
 g - 2 scrolls of amnesia
 h - 7 scrolls of remove curse
 i - 2 scrolls of noise {unknown}
 l - a scroll of magic mapping {unknown}
 m - a scroll of fog {unknown}
 n - 6 scrolls of teleportation {unknown}
 s - 3 scrolls of fear {unknown}
 w - 3 scrolls of immolation {unknown}
 y - a scroll of enchant armour {unknown}
 F - a scroll of enchant weapon {unknown}
 M - a scroll of random uselessness {unknown}
Potions
 o - 2 potions of mutation
 v - 2 potions of invisibility
 x - 5 potions of curing
 C - 2 potions of berserk rage
 D - a potion of degeneration
 I - a potion of agility
 J - a potion of haste
 K - a potion of magic
 O - 2 potions of brilliance
 P - 2 potions of lignification
 Q - a potion of might
Comestibles
 c - 19 rations


   Skills:
 + Level 2.1 Fighting
 - Level 7.5 Armour
 - Level 5.0 Dodging
 - Level 1.7 Stealth
 - Level 4.4 Spellcasting
 * Level 9.9 Conjurations
 - Level 7.0 Hexes
 - Level 5.0 Translocations
 + Level 3.6 Evocations


You had 4 spell levels left.
You knew the following spells:

 Your Spells              Type           Power        Failure   Level  Hunger
a - Magic Dart            Conj           ####         1%          1    None
b - Searing Ray           Conj           ######       1%          2    None
c - Dazzling Spray        Conj/Hex       #####.       1%          3    ##.....
d - Fulminant Prism       Conj/Hex       #####.....   4%          4    ####...
e - Force Lance           Conj/Tloc      #####...     7%          4    ####...

Your spell library contained the following spells:

 Spells                   Type           Power        Failure   Level  Hunger
 Flame Tongue             Conj/Fire      ####.        1%          1    None
 Iskenderun's Mystic Bla  Conj           ######..     2%          4    ####...
 Throw Flame              Conj/Fire      ####..       3%          2    None
 Conjure Flame            Conj/Fire      ####....     6%          3    ##.....
 Inner Flame              Hex/Fire       ###.....     11%         3    ##.....
 Sticky Flame             Conj/Fire      ####....     21%         4    ####...
 Fireball                 Conj/Fire      ####......   50%         5    #####..


Dungeon Overview and Level Annotations

Branches:
Dungeon (12/15)            Temple (1/1) D:7            Lair (1/6) D:9
    Orc (0/2) D:11

Shops:
D:12 =}

Portals:
Trove: D:10 (give 7 scrolls of blinking)

Annotations:
D:8 2 transporters
D:12 Azrael
Lair:1 Urug


Innate Abilities, Weirdness & Mutations

You have an increased reservoir of magic. (+10% MP)


Message History

You are very lightly contaminated with residual magic.
Strange energies run through your body.
You are near starving!
A hell hound comes into view.
Blink to where?
Press: ? - help, Dir - move target cursor
As you read the scroll of blinking, it crumbles to dust.
A bullfrog zombie comes into view.
You start resting.
Azrael is too close now for your liking.
Azrael gestures at you.
The sphere of damnation explodes!
The damnation engulfs you!!
Azrael laughs insanely.
Azrael gestures at you.
The sphere of damnation explodes!
The damnation engulfs you!!
* * * LOW HITPOINT WARNING * * *
There is a stone staircase leading up here.
Azrael gestures at you.
The fireball explodes!
The fireball engulfs you!!
You die...

#.###....######
##.....## #.# #..#.#
#.....## #.# #..#.#
#....##
###.###..#.########....#
#...#..................#
#.##################...+
#R#.## #...+ #.#..# ###
#...+
#.##'########@######...#
#.☼'∩+................##
#.○#+#°R#####.....###.#
###.°☼.......####.# .#
##.#####8#.# #.# .#
#..)..#.#.# #.# .#
#####.....# #.# .#
###∩.## #.# .# #..# #.#


You could see Azrael.

Vanquished Creatures
  2 two-headed ogres (D:8)
  Nergalle (D:10)
  3 unseen horrors
  A deep elf mage (D:12)
  Joseph (D:7)
  A troll (D:11)
  A hornet (D:10)
  Prince Ribbit (D:9)
  A hippogriff (D:9)
  A spriggan (D:11)
  Sigmund (D:4)
  4 hungry ghosts
  A soldier ant (D:12)
  A porcupine (Lair:1)
  A water moccasin (D:10)
  3 orc warriors
  A hornet zombie (D:8)
  5 ice beasts
  An eye of draining (D:12)
  7 ogres
  3 phantoms
  2 sky beasts
  2 centaurs (D:9)
  2 crocodiles
  2 big kobolds
  7 bullfrogs
  A water moccasin zombie (D:12)
  A wyvern skeleton (D:9)
  4 scorpions
  8 killer bees
  3 howler monkeys (D:9)
  3 crimson imps
  A centaur zombie (D:8)
  2 quasits
  A bullfrog zombie (D:10)
  4 hounds
  8 orc wizards
  6 orc priests
  2 jellies
  2 bullfrog skeletons
  3 centaur skeletons
  5 iguanas
  7 worker ants
  5 ogre zombies (D:11)
  2 hound skeletons
  A worker ant zombie (D:10)
  3 gnolls (D:5)
  11 adders
  A shadow imp (D:7)
  A white imp (D:9)
  2 oozes (D:5)
  An adder zombie (D:5)
  2 adder skeletons
  A worm (D:2)
  3 dart slugs
  8 leopard geckos
  26 orcs
  3 ball pythons
  2 bats (D:2)
  7 giant cockroaches
  8 hobgoblins
  2 jackals (D:3)
  13 kobolds
  2 quokkas
  A frilled lizard (D:4)
  7 goblins
  2 goblin skeletons (D:9)
  2 goblin zombies
  4 hobgoblin zombies
  A jackal skeleton (D:6)
  A kobold skeleton (D:9)
  2 leopard gecko skeletons
  7 orc skeletons
  8 orc zombies (D:11)
  A quokka skeleton (D:6)
  7 rats
264 creatures vanquished.

Vanquished Creatures (others)
  32 fulminant prisms
32 creatures vanquished.

Grand Total: 296 creatures vanquished

Notes
Turn   | Place    | Note
-------+----------+-------------------------------------------
     0 | D:1      | Folque the Demigod Conjurer began the quest for the Orb.
     0 | D:1      | Reached XP level 1. HP: 14/14 MP: 5/5
   377 | D:1      | Reached XP level 2. HP: 12/22 MP: 7/7
   485 | D:1      | Learned a level 2 spell: Searing Ray
  1149 | D:2      | Reached skill level 4 in Conjurations
  1309 | D:2      | Reached skill level 1 in Fighting
  1309 | D:2      | Reached XP level 3. HP: 23/28 MP: 3/9
  1515 | D:2      | Found a blossoming altar of Fedhas.
  1577 | D:2      | Found a hazy altar of Hepliaklqana.
  1737 | D:2      | Found a deep blue altar of Sif Muna.
  1812 | D:2      | Learned a level 3 spell: Dazzling Spray
  1970 | D:3      | Found a sacrificial altar of Ru.
  2076 | D:3      | Reached XP level 4. HP: 35/35 MP: 11/11
  2665 | D:3      | Reached skill level 1 in Hexes
  2791 | D:4      | Reached XP level 5. HP: 14/40 MP: 4/12
  2800 | D:4      | Learned a level 4 spell: Fulminant Prism
  3166 | D:4      | Noticed an ogre
  3173 | D:4      | Killed an ogre
  3185 | D:4      | Noticed an ogre
  3212 | D:4      | Killed an ogre
  3212 | D:4      | Reached skill level 5 in Conjurations
  3212 | D:4      | Reached XP level 6. HP: 29/47 MP: 0/14
  3368 | D:4      | Noticed Sigmund
  3374 | D:4      | Killed Sigmund
  3622 | D:5      | Entered Level 5 of the Dungeon
  3629 | D:5      | Reached XP level 7. HP: 49/52 MP: 8/16
  3923 | D:5      | HP: 2/52 [ooze (2)]
  4053 | D:5      | Reached skill level 5 in Hexes
  4153 | D:5      | Found a stormy altar of Qazlal.
  4247 | D:5      | Found a sparkling altar of Nemelex Xobeh.
  4524 | D:5      | Found a shadowy altar of Dithmenos.
  4651 | D:6      | Reached skill level 1 in Armour
  4661 | D:6      | Reached XP level 8. HP: 36/59 MP: 0/18
  4803 | D:6      | Reached skill level 6 in Conjurations
  4879 | D:6      | Found an opulent altar of Gozag.
  4882 | D:6      | Found a shimmering altar of Xom.
  5022 | D:6      | Learned a level 4 spell: Force Lance
  5419 | D:6      | Found an iron altar of Okawaru.
  6035 | D:7      | Found a staircase to the Ecumenical Temple.
  6051 | Temple   | Entered the Ecumenical Temple
  6520 | D:7      | Noticed Joseph
  6545 | D:7      | Killed Joseph
  6545 | D:7      | Reached skill level 5 in Armour
  6870 | D:7      | Reached skill level 7 in Conjurations
  6870 | D:7      | Reached XP level 9. HP: 50/64 MP: 14/19
  7036 | D:8      | Reached skill level 1 in Translocations
  7268 | D:8      | Found a transporter.
  7733 | D:8      | Noticed a two-headed ogre
  7761 | D:8      | Killed a two-headed ogre
  7946 | D:8      | Found a transporter.
  8042 | D:8      | Noticed a two-headed ogre
  8049 | D:8      | Killed a two-headed ogre
  8169 | D:9      | Found a glowing golden altar of the Shining One.
  8181 | D:9      | Reached XP level 10. HP: 58/71 MP: 6/20
  8752 | D:9      | Found a staircase to the Lair.
  8913 | D:9      | Noticed Prince Ribbit
  8919 | D:9      | Killed Prince Ribbit
  8919 | D:9      | Reached skill level 8 in Conjurations
  8919 | D:9      | Reached skill level 5 in Translocations
  9218 | Lair:1   | Entered Level 1 of the Lair of Beasts
  9260 | Lair:1   | Noticed Urug
  9519 | D:10     | Entered Level 10 of the Dungeon
  9683 | D:10     | Noticed Nergalle
  9699 | D:10     | Killed Nergalle
  9699 | D:10     | Reached skill level 1 in Evocations
 10077 | D:10     | Noticed an unseen horror
 10093 | D:10     | Killed an unseen horror
 10333 | D:10     | Reached skill level 9 in Conjurations
 10777 | D:10     | Found a portal to a secret trove of treasure.
 10881 | D:10     | Noticed an unseen horror
 11159 | D:11     | Noticed an unseen horror
 11161 | D:11     | Noticed an unseen horror
 11168 | D:11     | Killed an unseen horror
 11170 | D:11     | Killed an unseen horror
 11170 | D:11     | Reached XP level 11. HP: 44/77 MP: 1/21
 11836 | D:11     | Found a staircase to the Orcish Mines.
 12277 | D:11     | Reached skill level 5 in Dodging
 12448 | D:12     | Found Fod Gobem's Gadget Shoppe.
 12452 | D:12     | Bought a wand of disintegration (13) for 238 gold pieces
 12462 | D:12     | Found Pengoyl's Jewellery Shoppe.
 12491 | D:12     | Noticed a deep elf mage
 12501 | D:12     | Killed a deep elf mage
 12907 | D:12     | Noticed Azrael
 12969 | D:12     | Killed from afar by Azrael

Skill      XL: |  1  2  3  4  5  6  7  8  9 10 11 |
---------------+----------------------------------+-----
Spellcasting   | 2 3 4 |  4.4
Conjurations   | 4 5 7 9 |  9.9
Fighting       | 1 2 |  2.1
Hexes          | 1 3 4 5 6 7 |  7.0
Armour         | 1 5 7 |  7.5
Translocations | 4 5 |  5.0
Dodging        | 4 5 |  5.0
Evocations     | 2 3 |  3.6
Stealth        | |  1.7

Action                   |  1- 3 |  4- 6 |  7- 9 | 10-12 || total
-------------------------+-------+-------+-------+-------++-------
Melee: Mace              |    82 |     1 |    14 |       ||    97
       Unarmed           |     2 |       |       |       ||     2
       Dagger            |    15 |    44 |       |       ||    59
       Quarterstaff      |       |       |    95 |   175 ||   270
 Cast: Magic Dart        |    10 |     4 |    12 |    17 ||    43
       Searing Ray       |     6 |    15 |    43 |    42 ||   106
       Dazzling Spray    |       |     2 |    18 |    22 ||    42
       Fulminant Prism   |       |     4 |    17 |    11 ||    32
       Force Lance       |       |       |     4 |    39 ||    43
Evoke: Wand              |       |       |     6 |    13 ||    19
  Use: Scroll            |     2 |     1 |       |    12 ||    15
       Potion            |       |       |     6 |     1 ||     7
 Stab: Sleeping          |     9 |     4 |     3 |       ||    16
       Invisible         |       |     2 |     4 |     2 ||     8
  Eat: Chunk             |     4 |     5 |    11 |    15 ||    35
       Ration            |       |       |     2 |     4 ||     6
Armor: Robe              |    21 |    14 |    29 |       ||    64
       Ring mail         |       |       |    26 |   101 ||   127
Dodge: Dodged            |    64 |    43 |   132 |   163 ||   402
